 Dungeon Crawl Stone Soup version 0.26-a0-708-g17f3b190f9 (webtiles) character file.

Game seed: 15569459375475533092

61427 mattiecakes the Protected (level 15, -1/123 HPs)
             Began as a Barachi Fighter on Oct 30, 2020.
             Was a High Priest of Makhleb.
             Slain by an ettin
             ... wielding a cursed -2 dire flail
              (24 damage)
             ... on level 1 of the Orcish Mines.
             The game lasted 00:59:18 (27530 turns).

mattiecakes the Protected (Barachi Fighter)        Turns: 27530, Time: 00:59:18

Health: -1/123     AC: 17    Str: 24    XL:     15   Next: 2%
Magic:  0/22       EV: 15    Int: 14    God:    Makhleb [*****.]
Gold:   3573       SH: 13    Dex: 11    Spells: 14/14 levels left

rFire    . . .     SeeInvis +   z - +5 war axe (freeze)
rCold    + . .     Faith    .   c - +0 kite shield
rNeg     + + +     Spirit   +   y - +4 scale mail {MR+}
rPois    +         Reflect  .   m - +2 hat {SInv}
rElec    .         Harm     .   r - scarf {repulsion}
rCorr    .         Rampage  .   K - +0 pair of gloves
MR       ++...                  (no boots)
Stlth    ..........             w - amulet of guardian spirit
HPRegen  0.30/turn              F - ring of protection from cold
MPRegen  0.18/turn              I - ring "Jeewog" {*Drain rPois rN+++ Int+5}

@: can't hop, repel missiles, slow
A: +LOS, swims, slowness 1, strong legs 2
a: Hop, Minor Destruction, Lesser Servant of Makhleb, Major Destruction, Greater
Servant of Makhleb, Renounce Religion


You were on level 1 of the Orcish Mines.
You worshipped Makhleb.
Makhleb was extremely pleased with you.
You visited 4 branches of the dungeon, and saw 22 of its levels.
You also visited: Sewer.

You collected 3621 gold pieces.
You spent 48 gold pieces at shops.

Inventory:

Hand Weapons
 x - a +0 morningstar
 z - a +5 war axe of freezing (weapon)
 E - the +11 halberd of Empa Namilu {flame, MR+ Dex+4, unknown}
   (You found it on level 2 of the Lair of Beasts)

   It has been specially enchanted to burn those struck by it, causing extra
   injury to most foes and up to half again as much damage against particularly
   susceptible opponents.
   Big, fiery blades are also staple armaments of hydra-hunters.
   It affects your dexterity (+4).
   It affects your resistance to hostile enchantments.
 S - a +2 scimitar of flaming
Armour
 c - a +0 kite shield (worn)
 m - a +2 hat of see invisible (worn)
 r - a scarf of repulsion (worn)
 y - a +4 scale mail of magic resistance (worn)
 K - a +0 pair of gloves (worn)
 Q - a +0 scale mail of fire resistance
Jewellery
 u - an uncursed ring of flight
 w - an amulet of guardian spirit (around neck)
 F - a ring of protection from cold (left hand)
 I - the ring "Jeewog" (right hand) {*Drain rPois rN+++ Int+5}
   (You found it on level 8 of the Dungeon)

   [ring of poison resistance]

   It affects your intelligence (+5).
   It protects you from poison.
   It renders you almost immune to negative energy.
   It causes draining when unequipped.
 R - an uncursed ring of fire
Wands
 a - a wand of iceblast (18)
 h - a wand of flame (15)
 p - a wand of random effects (37)
 v - a wand of polymorph (6)
 C - a wand of enslavement (8)
 H - a wand of acid (14)
 O - a wand of paralysis (13)
 P - a wand of disintegration (20)
Scrolls
 e - 4 scrolls of amnesia
 g - a scroll of blinking
 i - 9 scrolls of teleportation
 j - 9 scrolls of remove curse
 s - 3 scrolls of enchant armour
 A - 2 scrolls of fog
 B - 5 scrolls of fear
 G - 3 scrolls of magic mapping
 J - 3 scrolls of identify
 M - 3 scrolls of enchant weapon
Potions
 b - 3 potions of stabbing
 d - 4 potions of might
 f - 2 potions of invisibility
 k - 2 potions of flight
 l - 5 potions of mutation
 n - 3 potions of curing
 o - 3 potions of haste
 t - 2 potions of lignification
 D - 3 potions of brilliance
 L - a potion of magic
 N - a potion of cancellation


   Skills:
 + Level 13.0 Fighting
 + Level 11.9 Axes
 + Level 13.0 Armour
 + Level 11.6 Dodging
 + Level 12.0 Shields
 + Level 9.9 Invocations


You had 14 spell levels left.
You didn't know any spells.
Your spell library contained the following spells:

 Spells                   Type           Power        Failure   Level
 Corona                   Hex            #......      63%         1
 Shock                    Conj/Air       #...         63%         1
 Summon Small Mammal      Summ           #...         63%         1
 Call Imp                 Summ           #.......     77%         2
 Slow                     Hex            #.......     77%         2
 Swiftness                Air            #.......     77%         2
 Call Canine Familiar     Summ           #.......     94%         3
 Ignite Poison            Fire/Tmut/Pois #.......     94%         3
 Inner Flame              Hex/Fire       #.......     94%         3
 Portal Projectile        Hex/Tloc       #.....       94%         3
 Static Discharge         Conj/Air       #.......     94%         3
 Summon Guardian Golem    Hex/Summ       #.......     94%         3
 Airstrike                Air            #.........   100%        4
 Cause Fear               Hex            #.........   100%        4
 Leda's Liquefaction      Hex/Erth       #.........   100%        4
 Summon Ice Beast         Ice/Summ       #.......     100%        4
 Summon Lightning Spire   Summ/Air       #.......     100%        4
 Fireball                 Conj/Fire      #.........   100%        5
 Lightning Bolt           Conj/Air       #.........   100%        5
 Starburst                Conj/Fire      #.........   100%        6
 Ignition                 Fire           #.........   100%        8


Dungeon Overview and Level Annotations

Branches:
Dungeon (13/15)            Temple (1/1) D:7            Lair (6/6) D:11
  Swamp (0/4) Lair:3       Spider (0/4) Lair:2          Orc (2/2) D:10
  Sewer (visited)
  Slime: Lair:5-6       Elf: Orc:2       Vaults: D:13-14

Altars:
Ashenzari
Cheibriados
Dithmenos
Elyvilon
Fedhas
Gozag
Hepliaklqana
Kikubaaqudgha
Makhleb
Nemelex Xobeh
Qazlal
Ru
Sif Muna
Trog
Uskayaw
Vehumet
Wu Jian
Xom
Yredelemnul
Zin
The Shining One

Shops:
D:8 *   D:10 [   D:11 !

Annotations:
Lair:6 2 runed translucent doors, exclusion: oklob plant


Innate Abilities, Weirdness & Mutations

You can be seen from farther away. (+LOS)
You can swim through water.
You cover ground slowly.
You can hop long distances.


Message History

There are no items here.
There are no items here.
There are no items here.
There are no items here.
There are no items here.
A demon appears!
You block the ettin's attack. The ettin hits you but does no damage.
A demon appears!
The ettin hits you with a cursed -2 dire flail!
* * * LOW HITPOINT WARNING * * *
The ettin barely misses you.
Your smoke demon gestures at the ettin.
The ettin is smitten.
Unknown command.
Unknown command.
You feel much better.
The ettin hits you with a cursed -2 dire flail!
* * * LOW HITPOINT WARNING * * *
The ettin hits you with a +0 dire flail!!
You die...

##.........##.....#....
#............#.........
#.....#................
#............##.......[
#............###......[
##............##....[[.
##.............#.......
#....3.C......#........
##....@3.............>.
##.....................
#......................
##.............[.......
#............[)).......
#..............).......
#......................
##................#....
##..........#...#.....


You could see an ettin, a friendly smoke demon (summoned) and a friendly neqoxec
(summoned).

Vanquished Creatures
  Gastronok (Lair:1)
  An entropy weaver (Lair:4)
  Snorg (D:12)
  A hydra (Lair:6)
  4 two-headed ogres
  A queen ant (Lair:4)
  3 death yaks (Lair:3)
  Urug (D:12)
  Nergalle (Orc:1)
  A deep troll (Orc:2)
  2 lindwurms
  A deep elf mage (D:12)
  An orb spider (Lair:2)
  An orc sorcerer (Orc:1)
  A manticore (D:12)
  2 ugly things (D:11)
  A cyclops (D:11)
  A centaur zombie (D:10)
  11 elephants
  2 molten gargoyles (Lair:6)
  7 black mambas
  Psyche (D:12)
  11 cane toads
  2 gargoyles (D:11)
  10 komodo dragons
  2 rime drakes
  3 trolls
  4 hornets
  5 slime creatures (D:12)
  3 bog bodies (Lair:3)
  13 blink frogs
  6 dream sheep
  12 spriggans (Lair:3)
  A shadow (D:11)
  41 yaks
  A fire elemental (D:12)
  2 wyverns (Lair:6)
  A wraith (D:11)
  5 basilisks
  3 steam dragons
  9 soldier ants (Lair:4)
  2 swamp worms (Lair:3)
  A warg (Orc:2)
  16 water moccasins
  16 orc warriors
  5 hell hounds
  2 ice beasts
  2 phantoms
  4 black bears
  A sky beast (D:10)
  10 ogres
  16 wolves
  10 centaurs
  3 boggarts (Lair:3)
  A big kobold (D:9)
  13 bullfrogs
  A wyvern skeleton (D:9)
  3 scorpions
  8 killer bees
  21 wights
  A howler monkey (D:2)
  An electric eel (Lair:3)
  2 lava snakes (Lair:6)
  A bullfrog zombie (D:8)
  2 quasits
  A bullfrog skeleton (D:10)
  7 orc priests
  9 hounds
  19 orc wizards
  2 centaur skeletons
  2 iguanas
  Terence (D:3)
  6 hell rats
  22 worker ants
  9 gnolls
  20 adders
  4 river rats (Sewer)
  3 shadow imps
  3 white imps
  2 oozes
  An adder skeleton (D:5)
  2 worms
  5 dart slugs
  10 leopard geckos
  54 orcs
  9 giant cockroaches
  10 goblins
  10 hobgoblins
  14 jackals
  4 quokkas
  12 ball pythons
  7 bats
  6 frilled lizards
  11 kobolds
  29 rats
616 creatures vanquished.

Vanquished Creatures (collateral kills)
  An entropy weaver (Lair:4)
  Azrael (D:12)
  6 hydras
  An orc knight (Orc:1)
  A basilisk (Lair:6)
  4 hell hounds (Lair:6)
  A water moccasin (Lair:5)
  An orc warrior (Orc:1)
  A lava snake (Lair:6)
  8 worker ants (Lair:4)
25 creatures vanquished.

Vanquished Creatures (others)
  4 elephants (Lair:6)
  A human (D:5)
  22 fungi
  31 plants
58 creatures vanquished.

Grand Total: 699 creatures vanquished

Notes
Turn   | Place    | Note
-------+----------+-------------------------------------------
     0 | D:1      | mattiecakes the Barachi Fighter began the quest for the
                  | Orb.
     0 | D:1      | Reached XP level 1. HP: 18/18 MP: 1/1
    85 | D:1      | Reached XP level 2. HP: 25/25 MP: 2/2
   299 | D:1      | Reached skill level 1 in Dodging
   312 | D:1      | Reached XP level 3. HP: 30/30 MP: 3/3
   843 | D:1      | Found a bloodstained altar of Trog.
  1281 | D:2      | Reached XP level 4. HP: 37/37 MP: 4/4
  1811 | D:2      | Reached XP level 5. HP: 40/43 MP: 5/5
  1997 | D:3      | Noticed an ogre
  2009 | D:3      | Killed an ogre
  2215 | D:3      | Reached XP level 6. HP: 39/50 MP: 6/6
  3423 | D:3      | Noticed Terence
  3430 | D:3      | Killed Terence
  3496 | D:3      | Found a snail-covered altar of Cheibriados.
  3681 | D:3      | Found a glowing silver altar of Zin.
  3681 | D:3      | Found an opulent altar of Gozag.
  3725 | D:4      | Reached skill level 5 in Fighting
  3725 | D:4      | Reached skill level 5 in Armour
  3809 | D:4      | Found a hide-covered altar of Uskayaw.
  3814 | D:4      | Noticed a +0 hand axe
  3815 | D:4      | Noticed a +0 dagger
  3889 | D:4      | Noticed a phantom
  3933 | D:4      | Killed a phantom
  3933 | D:4      | Reached XP level 7. HP: 41/56 MP: 7/7
  4226 | D:4      | Reached skill level 5 in Shields
  4599 | D:5      | Entered Level 5 of the Dungeon
  5047 | D:5      | Reached XP level 8. HP: 40/64 MP: 5/8
  5213 | D:5      | Found an ancient bone altar of Kikubaaqudgha.
  5759 | D:6      | Reached skill level 5 in Axes
  6139 | D:6      | Found a glowing drain.
  6153 | Sewer    | Entered a sewer
  6385 | Sewer    | Reached skill level 5 in Dodging
  6648 | D:6      | Found an ornate altar of the Wu Jian Council.
  6712 | D:6      | Reached XP level 9. HP: 72/72 MP: 9/9
  7083 | D:6      | Got a slimy ring mail
  7084 | D:6      | Identified the cursed +1 ring mail of Xeon {Harm} (You
                  | found it on level 6 of the Dungeon)
  8131 | D:7      | Found a staircase to the Ecumenical Temple.
  8159 | Temple   | Entered the Ecumenical Temple
  8555 | Temple   | Became a worshipper of Makhleb the Destroyer
  9073 | D:8      | Noticed a two-headed ogre
  9081 | D:8      | Killed a two-headed ogre
  9460 | D:8      | Got a heavily runed granite ring
  9462 | D:8      | Identified the ring "Jeewog" {*Drain rPois rN+++ Int+5}
                  | (You found it on level 8 of the Dungeon)
  9466 | D:8      | Identified a scroll of acquirement
  9466 | D:8      | Acquired 985 gold pieces
  9545 | D:8      | Reached XP level 10. HP: 70/80 MP: 8/10
  9722 | D:8      | Found a sacrificial altar of Ru.
  9725 | D:8      | Found a blossoming altar of Fedhas.
  9728 | D:8      | Found a bloodstained altar of Trog.
  9856 | D:8      | Reached * piety under Makhleb
 10026 | D:8      | Found Jugorhu's General Store.
 10385 | D:9      | Found a white marble altar of Elyvilon.
 10524 | D:9      | Found a radiant altar of Vehumet.
 10589 | D:9      | Noticed a two-headed ogre
 10599 | D:9      | HP: 4/82 [two-headed ogre/+0 dire flail (17)]
 10602 | D:9      | Killed a two-headed ogre
 11147 | D:9      | Reached ** piety under Makhleb
 11268 | D:9      | Found a shadowy altar of Dithmenos.
 11268 | D:9      | Found a shimmering blue altar of Sif Muna.
 11300 | D:10     | Entered Level 10 of the Dungeon
 11904 | D:10     | Found a staircase to the Orcish Mines.
 11906 | D:10     | Found Suuticuk's Armour Shoppe.
 12123 | D:10     | Reached XP level 11. HP: 44/89 MP: 4/11
 12586 | D:10     | Reached skill level 1 in Invocations
 12938 | D:11     | Found an opulent altar of Gozag.
 12991 | D:11     | Noticed a cyclops
 13002 | D:11     | Killed a cyclops
 13093 | D:11     | Found Beic Wumn's Distillery.
 13101 | D:11     | Bought a potion of curing for 48 gold pieces
 13155 | D:11     | Reached *** piety under Makhleb
 13298 | D:11     | Reached skill level 10 in Fighting
 13309 | D:11     | Noticed a brown ugly thing
 13323 | D:11     | Killed a brown ugly thing
 13652 | D:11     | Reached skill level 10 in Armour
 13797 | D:11     | Noticed a purple ugly thing
 13819 | D:11     | Killed a purple ugly thing
 13929 | D:11     | Found a staircase to the Lair.
 14122 | Lair:1   | Entered Level 1 of the Lair of Beasts
 14823 | Lair:1   | Reached XP level 12. HP: 99/99 MP: 14/14
 15161 | Lair:1   | Noticed Gastronok
 15860 | Lair:1   | Killed Gastronok
 15990 | Lair:2   | Reached skill level 10 in Shields
 16266 | Lair:2   | Reached skill level 10 in Axes
 16681 | Lair:2   | Found a hole to the Spider Nest.
 16928 | Lair:3   | Reached **** piety under Makhleb
 17070 | Lair:3   | Noticed a spriggan rider
 17074 | Lair:3   | Reached skill level 5 in Invocations
 17273 | Lair:3   | Noticed a six-headed hydra
 17288 | Lair:3   | Killed a six-headed hydra
 17288 | Lair:3   | Gained mutation: You can hop long distances. [Barachi
                  | growth]
 17288 | Lair:3   | Reached XP level 13. HP: 23/106 MP: 3/17
 17845 | Lair:3   | Found a staircase to the Swamp.
 18025 | Lair:3   | Found a white marble altar of Elyvilon.
 18837 | Lair:3   | Reached skill level 10 in Dodging
 19292 | Lair:4   | Noticed an entropy weaver
 19303 | Lair:4   | Killed an entropy weaver
 19633 | Lair:4   | You fall into a shaft and drop 2 floors!
 19633 | Lair:6   | Entered Level 6 of the Lair of Beasts
 21003 | Lair:4   | Noticed an entropy weaver
 21026 | Lair:4   | Killed an entropy weaver
 21026 | Lair:4   | Reached XP level 14. HP: 28/115 MP: 5/20
 22495 | Lair:6   | Reached ***** piety under Makhleb
 22632 | Lair:6   | Acquired 825 gold pieces
 23481 | Lair:6   | Acquired a +2 hat of see invisible
 23509 | Lair:6   | Found a large runed translucent door.
 23509 | Lair:6   | Found a large runed translucent door.
 24245 | Lair:2   | Got a steaming halberd
 24434 | D:12     | Noticed Urug
 24456 | D:12     | Killed Urug
 24537 | D:12     | Noticed Psyche
 24559 | D:12     | Killed Psyche
 25092 | D:12     | Noticed Azrael
 25689 | D:12     | Noticed Snorg
 25701 | D:12     | Killed Snorg
 25840 | D:12     | Killed Azrael
 26466 | Orc:1    | Entered Level 1 of the Orcish Mines
 26495 | Orc:1    | Noticed Nergalle
 26512 | Orc:1    | Killed Nergalle
 26608 | Orc:1    | Paralysed by an orc sorcerer for 2 turns
 26928 | Orc:2    | Entered Level 2 of the Orcish Mines
 27435 | Orc:2    | Reached XP level 15. HP: 78/123 MP: 12/22
 27530 | Orc:1    | Slain by an ettin

Illustrated notes

Levels and vault maps discovered:
D:1:      dpeg_arrival_round_a, layout_basic, kennysheep_flooded_box,
          dk_noncrumbling_4, minmay_hexomino_p4
D:2:      layout_basic
D:3:      layout_rooms, grunt_temple_overflow_gold_and_silver,
          overflow_temple_1_default, due_unseen_surprise, uniq_terence
D:4:      layout_rooms, nicolae_overflow_hidden_temple, dancing_weapons_uskayaw,
          grunt_ministairs_11
D:5:      layout_loops_cross, tgw_kikubaaqudgha
D:6:      cheibrodos_steamvent, layout_basic, lemuel_doored_altar,
          lightli_ossuary_entry_decrepit_ruins, portal_sewer_entry_f
D:7:      layout_loops_ring, minmay_temple_entry_offerings
D:8:      layout_rooms, grunt_temple_overflow_diamond, serial_shops, shop
D:9:      layout_loops_ring, elyvilon_altar_3, vehumet_crystals,
          gammafunk_temple_overflow_elements
D:10:     layout_basic, orc_david_3
D:11:     layout_irregular_city, basic_altar, serial_shops, shop
D:12:     layout_loops_ring, uniq_azrael, uniq_snorg, uniq_urug, uniq_psyche
D:13:     layout_basic, serial_shops, shop, amethyst_killhole,
          elves_outpost_lemuel, uniq_maurice
Temple:   jpeg_temple_island
Lair:1:   layout_cellular_growth, uniq_gastronok
Lair:2:   layout_gridlike, nicolae_spider_entry_orb_guardian
Lair:3:   kb_forest_paths, layout_chaotic_city,
          nicolae_swamp_entry_splash_gauntlet, basic_altar, serial_bayou_pond_d
Lair:4:   layout_layer_cave, minmay_another_anthill
Lair:5:   layout_loops_ring, serial_bayou_ford_a, st_stairs_12, minivault_25,
          chequers_serial_rivers_micro_b, beast_lair_carwin_11
Lair:6:   cheibrodos_lair_end_hotspot, layout_hall_layers,
          minmay_slime_entry_oklob_enclosed
Orc:1:    layout_caves, uniq_nergalle
Orc:2:    st_orc_open, layout_caves, kennysheep_orc_chapel, uniq_nessos

Skill      XL: |  1  2  3  4  5  6  7  8  9 10 11 12 13 14 |
---------------+-------------------------------------------+-----
Dodging        | 1 2 3 4 5 6 7 9 10 11 | 11.6
Armour         | 4 5 6 8 9 10 11 12 13 | 13.0
Fighting       | 4 5 6 7 8 9 10 11 12 13 | 13.0
Axes           | 3 4 5 7 8 9 10 11 | 11.9
Shields        | 4 5 6 7 8 9 10 11 12 | 12.0
Invocations    | 3 6 9 |  9.9

Action                   |  1- 3 |  4- 6 |  7- 9 | 10-12 | 13-15 || total
-------------------------+-------+-------+-------+-------+-------++-------
Melee: War axe           |   118 |   154 |   423 |   709 |   879 ||  2283
       Morningstar       |       |       |       |     7 |    18 ||    25
Invok: Minor Destruction |       |       |       |     2 |       ||     2
       Lesser Servant of |       |       |       |     5 |    27 ||    32
       Major Destruction |       |       |       |     1 |       ||     1
 Abil: Hop               |       |     1 |       |     3 |     4 ||     8
Evoke: Wand              |       |       |     2 |     5 |    16 ||    23
  Use: Scroll            |       |     9 |    10 |     4 |    11 ||    34
       Potion            |       |       |     3 |    12 |     7 ||    22
 Stab: Distracted        |       |       |       |     1 |     2 ||     3
Armor: Scale mail        |    54 |    48 |   186 |   269 |   305 ||   862
Dodge: Dodged            |    43 |    44 |   223 |   326 |   494 ||  1130
       Repelled          |       |       |       |     2 |     5 ||     7
Block: Kite shield       |    67 |    75 |   278 |   485 |   607 ||  1512

Table legend: (Time is in decaauts)
 A = Elapsed time spent in this place.
 B = Non-inter-level travel time spent in this place.
 C = Inter-level travel time spent in this place.
 D = Time resting spent in this place.
 E = Time spent auto-exploring this place.
 F = Levels seen in this place.
 G = Mean time per level.
                   A        B        C        D        E       F      G
               +--------+--------+--------+--------+--------+-----+--------+
         Total |  30645 |  28723 |   1922 |   6137 |  17610 |  23 | 1332.4 |
       Dungeon |  17272 |  15901 |   1371 |   3348 |   9712 |  13 | 1328.6 |
        Temple |    505 |    425 |     80 |      0 |    418 |   1 |  505.0 |
          Lair |  11246 |  10800 |    446 |   2351 |   6757 |   6 | 1874.3 |
  Orcish Mines |   1135 |   1110 |     25 |    419 |    415 |   2 |  567.5 |
         Sewer |    485 |    485 |      0 |     19 |    305 |   1 |  485.0 |
               +--------+--------+--------+--------+--------+-----+--------+

Top non-repeatable levels by time:
  Lair:3: 2674 daAuts
  Lair:4: 2123 daAuts
  Lair:6: 1883 daAuts
     D:6: 1876 daAuts
     D:2: 1771 daAuts
    D:10: 1750 daAuts
  Lair:1: 1730 daAuts
    D:11: 1659 daAuts
    D:12: 1523 daAuts
  Lair:2: 1426 daAuts
  Lair:5: 1408 daAuts
     D:8: 1346 daAuts
     D:5: 1279 daAuts
     D:3: 1279 daAuts
     D:7: 1247 daAuts
